 Dungeon Crawl Stone Soup version 0.27-a0-1200-g94dc6ad4cf (webtiles) character file.

Game seed: 10696307469734633859

322 quinnr the Firebug (level 6, -2/57 HPs)
             Began as an Octopode Fire Elementalist on May 31, 2021.
             Slain by Edmund
             ... wielding a +0 dire flail of venom
              (7 damage)
             ... on level 3 of the Dungeon.
             The game lasted 00:12:37 (4662 turns).

quinnr the Firebug (Octopode Fire Elementalist)     Turns: 4662, Time: 00:12:37

Health: -2/57      AC: 23    Str:  8    XL:     6   Next: 47%
Magic:  2/10       EV:  2    Int: 17    God:
Gold:   131        SH:  0    Dex: 14    Spells: 3/11 levels left

rFire    . . .     SeeInvis .     - Unarmed
rCold    . . .     Faith    .   (no shield)
rNeg     + + +     Spirit   .   (helmet currently unavailable)
rPois    +         Reflect  .   k - amulet of the acrobat
rElec    .         Harm     .   (no ring)
rCorr    .         Rampage  .   (no ring)
Will     .....     NoTele   +   (no ring)
Stlth    ++........             (no ring)
HPRegen  0.19/turn              (no ring)
MPRegen  0.12/turn              (no ring)
                                (no ring)
                                (no ring)

@: lethally poisoned (-2 -> -11), tree-form, invisible
A: stationary, stasis, torment immunity, boosted hp, almost no armour,
(amphibious), 8 rings, (camouflage 1), (gelatinous body 1), (nimble swimmer 1),
(tentacles)
a: no special abilities


You were on level 3 of the Dungeon.
You were a tree.
You visited 1 branch of the dungeon, and saw 4 of its levels.

You collected 131 gold pieces.

Inventory:

Missiles
 l - 4 stones (quivered)
 m - 3 boomerangs
 q - 21 sling bullets
Jewellery
 k - an amulet of the acrobat (around neck)
Wands
 h - a wand of mindburst (6)
Scrolls
 b - 3 scrolls of amnesia
 d - a scroll of enchant weapon {unknown}
 f - a scroll of brand weapon {unknown}
 i - a scroll of enchant armour {unknown}
 j - a scroll of vulnerability {unknown}
 n - 2 scrolls of magic mapping {unknown}
 s - a scroll of teleportation {unknown}
 t - a scroll of immolation {unknown}
 v - a scroll of fear {unknown}
Potions
 a - a potion of curing {unknown}
 c - a potion of berserk rage {unknown}
 e - a potion of lignification
 g - a potion of mutation {unknown}
 o - a potion of attraction {unknown}
 p - a potion of ambrosia {unknown}
 r - a potion of flight


   Skills:
 + Level 1.2 Fighting
 - Level 2.0 Throwing
 + Level 2.1 Dodging
 - Level 3.0 Stealth
 - Level 1.0 Unarmed Combat
 - Level 3.0 Spellcasting
 - Level 4.0 Conjurations
 - Level 4.0 Fire Magic


You had 3 spell levels left.
You knew the following spells:

 Your Spells              Type           Power      Damage    Failure   Level
a - Foxfire               Conj/Fire      64%        2x1d7     3%          1
b - Conjure Flame         Conj/Fire      16%        6-21      10%         3
c - Sticky Flame          Conj/Fire      16%        2d4       32%         4

Your spell library contained the following spells:

 Spells                   Type           Power      Damage    Failure   Level
 Inner Flame              Hex/Fire       9%         N/A       22%         3
 Fireball                 Conj/Fire      8%         3d6       67%         5


Dungeon Overview and Level Annotations

Branches:
Dungeon (4/15)             Temple (0/1) D:4

Altars:

Annotations:
D:3 Edmund


Innate Abilities, Weirdness & Mutations

You are a tree.
Your roots penetrate the ground, keeping you stationary.
You cannot be teleported.
You are immune to unholy pain and torment.
Your maximum health is greatly increased.
Your equipment is partially melded.
You cannot wear most types of armour.
((You are amphibious.))
You can wear up to eight rings at the same time.
((Your skin changes colour to match your surroundings (Stealth+).))
((Your rubbery body absorbs attacks. (AC +1, EV +1)))
((You are camouflaged near water. (Stealth+)))
((You have tentacles for arms and can constrict up to eight enemies at once.))


Message History

As you read the scroll labelled SUCRICVEMUS, it crumbles to dust.
It is a scroll of amnesia.
Really abort (and waste the scroll)?
Uppercase [Y]es or [N]o only, please.
Really abort (and waste the scroll)?
Uppercase [Y]es or [N]o only, please.
Really abort (and waste the scroll)?
Really abort (and waste the scroll)?
Okay, then.
A kobold comes into view. It is wielding a +0 short sword.
Casting: Conjure Flame (dangerous; 10% risk of failure)
Confirm with . or Enter, or press ? or * to list all spells.
The fire begins to smoulder!
Edmund smothers the flame.
There is a stone staircase leading up here.
Edmund hits you with a +0 dire flail of venom!
You are poisoned.
You climb upwards.
You feel extremely sick.
There is a stone staircase leading down here.
You feel very sick.
* * * LOW HITPOINT WARNING * * *
You feel very sick.
* * * LOW HITPOINT WARNING * * *
You feel sick.
It was a potion of lignification.
You turn into a tree.
Your roots penetrate the ground.
You feel sick. Edmund hits you but does no damage.
You are lethally poisoned!
Unknown command.
It was a potion of flight.
Your roots keep you in place.
* * * LOW HITPOINT WARNING * * *
You feel very sick. Edmund hits you but does no damage.
It was a potion of invisibility.
You fade into invisibility!
* * * LOW HITPOINT WARNING * * *
You feel very sick.
Edmund hits you with a +0 dire flail of venom!
You die...

#........#.......##.#
##....###.........#.#
##.................'..
#......###.<.......#..
#..#...# #........##.#
#..##..# #.#.....###.#
#......# #.##...## #..
#..>#@## #.###'## ###
#...#♣# #.# #.#
#.....####.# #.#
##.........###.##
##.#########...##
##.## #........#
#...####....<..######
#.#..................
#...####......#######
##### #......#


You could see Edmund.

Vanquished Creatures
  Blork the orc (D:4)
  Crazy Yiuf (D:2)
  An orc wizard (D:2)
  Natasha (thrice) (D:2)
  3 gnolls (D:2)
  3 adders
  A worm (D:2)
  2 dart slugs (D:1)
  5 orcs
  7 endoplasms
  3 giant cockroaches (D:2)
  6 goblins
  8 hobgoblins
  3 jackals (D:1)
  5 kobolds
  A quokka (D:1)
  2 ball pythons
  A bat (D:2)
  3 frilled lizards
  5 rats
64 creatures vanquished.

Vanquished Creatures (others)
  247 foxfires
247 creatures vanquished.

Grand Total: 311 creatures vanquished

Notes
Turn   | Place    | Note
-------+----------+-------------------------------------------
     0 | D:1      | quinnr the Octopode Fire Elementalist began the quest for
                  | the Orb.
     0 | D:1      | Reached XP level 1. HP: 11/11 MP: 3/3
   322 | D:1      | Found a faded altar of an unknown god.
   505 | D:1      | Reached XP level 2. HP: 10/18 MP: 0/5
   922 | D:1      | Reached skill level 1 in Fighting
  1038 | D:1      | Reached XP level 3. HP: 18/23 MP: 1/7
  1656 | D:1      | Learned a level 3 spell: Conjure Flame
  1947 | D:2      | Reached skill level 1 in Unarmed Combat
  1947 | D:2      | Reached XP level 4. HP: 28/28 MP: 3/8
  1956 | D:2      | Learned a level 4 spell: Sticky Flame
  2506 | D:2      | quinnr: ??conjure flame
  2506 | D:2      | beem: conjure flame[1/2]: A level 3 spell that creates a
                  | cloud of flame. The flame appears the next turn on the tile
                  | where you were standing, provided no one (you or monster)
                  | is on that tile then. Many weaker monsters will be
                  | unwilling to cross it, but some tougher or less intelligent
                  | ones will.
  2585 | D:2      | Found a runed translucent door.
  2586 | D:2      | Noticed Crazy Yiuf
  2604 | D:2      | Killed Crazy Yiuf
  2605 | D:2      | Reached XP level 5. HP: 33/33 MP: 0/9
  2879 | D:2      | Noticed Natasha
  2945 | D:2      | Killed Natasha
  2946 | D:2      | Reached skill level 1 in Throwing
  2984 | D:2      | Noticed Natasha
  2988 | D:2      | Killed Natasha
  3189 | D:2      | Noticed Natasha
  3193 | D:2      | Killed Natasha
  3778 | D:2      | Reached XP level 6. HP: 31/38 MP: 2/10
  4493 | D:4      | Found a staircase to the Ecumenical Temple.
  4494 | D:4      | Noticed Blork the orc
  4505 | D:4      | Killed Blork the orc
  4615 | D:4      | Noticed Edmund
  4662 | D:3      | HP: 5/57 [poisoned by Edmund]
  4662 | D:3      | Slain by Edmund

Illustrated notes

Levels and vault maps discovered:
D:1:      lightli_arrival_lavapool, layout_basic,
          shapermc_ecumenical_altar_flowoftime
D:2:      layout_basic, uniq_crazy_yiuf_cottage, uniq_natasha
D:3:      layout_loops_corners
D:4:      kb_forest_paths, layout_basic, minmay_temple_entry_stoned_glass,
          serial_shops, shop_statue, minmay_misc_feat_diagonals,
          uniq_blork_the_orc, uniq_grinder, uniq_edmund

Skill      XL: |  1  2  3  4  5  6 |
---------------+-------------------+-----
Stealth        | 3 |  3.0
Fighting       | 1 |  1.2
Spellcasting   | 3 |  3.0
Unarmed Combat | 1 |  1.0
Conjurations   | 2 3 4 |  4.0
Throwing       | 2 |  2.0
Fire Magic     | 4 |  4.0
Dodging        | |  2.1

Action                   |  1- 3 |  4- 6 || total
-------------------------+-------+-------++-------
Melee: Unarmed           |    20 |    13 ||    33
       Constrict         |     6 |     3 ||     9
       Tentacles         |     1 |     3 ||     4
Throw: Stone             |       |     1 ||     1
 Cast: Foxfire           |    75 |    77 ||   152
       Conjure Flame     |       |     8 ||     8
Evoke: Wand              |       |     6 ||     6
  Use: Potion            |       |     3 ||     3
       Scroll            |       |     1 ||     1
 Stab: Sleeping          |       |     1 ||     1
Armor: Skin              |     1 |     4 ||     5
Dodge: Dodged            |    22 |    21 ||    43

Table legend: (Time is in decaauts)
 A = Elapsed time spent in this place.
 B = Non-inter-level travel time spent in this place.
 C = Inter-level travel time spent in this place.
 D = Time resting spent in this place.
 E = Time spent auto-exploring this place.
 F = Levels seen in this place.
 G = Mean time per level.
                   A        B        C        D        E       F      G
               +--------+--------+--------+--------+--------+-----+--------+
         Total |   4666 |   4547 |    119 |    779 |   2915 |   4 | 1166.5 |
       Dungeon |   4666 |   4547 |    119 |    779 |   2915 |   4 | 1166.5 |
               +--------+--------+--------+--------+--------+-----+--------+

Top non-repeatable levels by time:
     D:2: 1892 daAuts
     D:1: 1652 daAuts
     D:3: 1032 daAuts
     D:4: 89 daAuts
